 Dungeon Crawl Stone Soup version 0.30-a0-54-g2e61a25929 (webtiles) character file.

Game seed: 8655403473314362164

1742 Newt the Cutter (level 8, -2/64 HPs)
             Began as a Demonspawn Gladiator on Sept 8, 2022.
             Slain by a yak (9 damage)
             ... on level 6 of the Dungeon.
             The game lasted 00:08:33 (7089 turns).

Newt the Cutter (Demonspawn Gladiator)              Turns: 7089, Time: 00:08:33

Health: -2/64      AC:  7    Str: 19    XL:     8   Next: 77%
Magic:  8/8        EV: 14    Int: 10    God:
Gold:   383        SH:  4    Dex: 20    Spells: 7/7 levels left

rFire   + . .      SeeInvis .    j - +5 dagger (freeze)
rCold   . . .      Faith    .    (no shield)
rNeg    . . .      Spirit   .    b - +0 leather armour
rPois   .          Reflect  .    c - +0 helmet
rElec   .          Harm     .    (no cloak)
rCorr   .          Rampage  .    (no gloves)
Will    .....                    (no boots)
Stlth   +++.......               (no amulet)
HPRegen 0.20/turn                e - +6 ring of strength
MPRegen 0.11/turn                m - ring of protection from fire

@: no status effects
A: molten scales 2, condensation shield, demonic magic 1, weakness stinger 2,
agile 1, wild magic 1
a: no special abilities


You were on level 6 of the Dungeon.
You visited 1 branch of the dungeon, and saw 6 of its levels.
You also visited: Sewer.

You collected 383 gold pieces.

Inventory:

Hand Weapons
 a - a +0 rapier
 j - a +5 dagger of freezing (weapon)
Missiles
 d - 2 throwing nets (quivered)
Armour
 b - a +0 leather armour (worn)
 c - a +0 helmet (worn)
Jewellery
 e - a +6 ring of strength (left hand)
 h - a ring of magical power
 m - a ring of protection from fire (right hand)
 r - a ring of positive energy
 s - a ring of wizardry
 v - a ring of protection from fire
Wands
 o - a wand of flame (4)
 u - a wand of digging (4)
 w - a wand of iceblast (4)
Scrolls
 n - 2 scrolls of amnesia
 p - a scroll of vulnerability
 t - a scroll of teleportation
 x - 2 scrolls of poison
 y - a scroll of silence
 z - a scroll of enchant armour
 A - a scroll of summoning
 B - a scroll of immolation {unknown}
 C - a scroll of noise
 D - a scroll of identify
 E - a scroll of butterflies {unknown}
 F - a scroll of blinking
Potions
 f - 2 potions of brilliance
 g - a potion of mutation
 i - 2 potions of cancellation
 k - 5 potions of flight
 l - 2 potions of curing


   Skills:
 - Level 6.0 Fighting
 + Level 7.4 Short Blades
 - Level 1.7 Throwing
 - Level 5.0 Dodging
 - Level 4.0 Stealth


You had 7 spell levels left.
You didn't know any spells.
Your spell library contained the following spells:

 Spells                   Type           Power      Damage    Failure   Level
 Foxfire                  Conj/Fire      0%         2x1d4     50%         1
 Conjure Flame            Conj/Fire      0%         6-21      86%         3
 Inner Flame              Hex/Fire       0%         N/A       86%         3
 Flame Wave               Conj/Fire      0%         2d4       99%         4


Dungeon Overview and Level Annotations

Branches:
Dungeon (6/15)             Temple (0/1) D:6           Sewer (visited)

Altars:
Yredelemnul

Annotations:
D:5 2 transporters, Jeffwins's ghost, amateur HuWn
D:6 1 runed translucent door, Crazy Yiuf


Innate Abilities, Weirdness & Mutations

You are mostly covered in molten scales. (AC +3)
A meltable shield of frost defends you. (SH +4)
Spells you cast may paralyse adjacent enemies.
You have a tail ending in a sharp stinger.
You are agile. (Dex +4, Str/Int -1)
Your spells are a little harder to cast, but a little more powerful.


Message History

The yak is lightly wounded.
The yak closely misses you.
You hit the yak but do no damage.
The yak is lightly wounded.
You puncture the yak! You freeze the yak.
The yak is heavily wounded.
The yak closely misses you. The yak completely misses you. The yak gores you!
The yak misses you.
You hit the yak but do no damage. Your punch misses the yak.
The yak is heavily wounded.
The yak misses you.
You hit the yak. You freeze the yak.
The yak is severely wounded.
You hit the yak. You freeze the yak.
Your tail-slap misses the yak.
The yak is severely wounded.
You block the yak's attack. The yak barely misses you. The yak gores you!
* * * LOW HITPOINT WARNING * * *
You barely miss the yak. You tail-slap the yak.
The yak is almost dead.
Unknown command.
You hit the yak. You freeze the yak.
You kill the yak!
The yak gores you!
* * * LOW HITPOINT WARNING * * *
The yak barely misses you.
Your Short Blades skill increases to level 7!
Unknown command.
You feel much better. The yak gores you!
* * * LOW HITPOINT WARNING * * *
The yak gores you!
* * * LOW HITPOINT WARNING * * *
Unknown command.
Throw: 3 throwing nets
Press: ? - help, Q - select action, (/) - cycle Shift-Dir - straight line, f - yak
Aim: a yak (75% to hit)
You throw a throwing net. The throwing net hits the yak.
The yak is caught in the net!
The yak misses you.
The yak struggles against the net.
The yak gores you!
You die...

#######......####............
######## #...........#
#...........# ##..........##
##...#......## ##..####.....#
##..## ###..## ##.Y## ####
..#######@Y## ..........##
##..$....## ######.#####
#......### ##.........
#.......... #..........
#..........


You could see 2 yaks.

Vanquished Creatures
  Sigmund (D:6)
  A yak (D:6)
  A black bear (D:5)
  2 sky beasts (D:6)
  An ogre (D:5)
  2 phantoms
  2 bullfrogs
  3 scorpions
  2 necrophages (D:6)
  A howler monkey (D:5)
  A hound (D:6)
  2 iguanas
  2 jellies
  12 adders
  3 gnolls (D:5)
  2 river rats (Sewer)
  A white imp (D:5)
  3 ufetubi
  7 worms
  4 dart slugs
  2 orcs
  8 ball pythons
  7 endoplasms
  10 giant cockroaches
  5 goblins
  7 hobgoblins
  14 jackals
  5 quokkas
  16 bats
  7 frilled lizards
  7 kobolds
  3 rats
144 creatures vanquished.

Vanquished Creatures (others)
  A plant (D:4)
1 creature vanquished.

Grand Total: 145 creatures vanquished

Notes
Turn   | Place    | Note
-------+----------+-------------------------------------------
     0 | D:1      | Newt the Demonspawn Gladiator began the quest for the Orb.
     0 | D:1      | Reached XP level 1. HP: 16/16 MP: 1/1
   261 | D:1      | Reached skill level 1 in Stealth
   336 | D:1      | Gained mutation: Spells you cast may paralyse adjacent
                  | enemies. [demonic ancestry]
   336 | D:1      | Reached XP level 2. HP: 22/22 MP: 2/2
   702 | D:1      | Gained mutation: You have a small tail. [demonic ancestry]
   702 | D:1      | Reached XP level 3. HP: 20/28 MP: 3/3
   841 | D:1      | Found a faded altar of an unknown god.
  1710 | D:2      | Gained mutation: You are partially covered in molten
                  | scales. (AC +2) [demonic ancestry]
  1710 | D:2      | Reached XP level 4. HP: 35/37 MP: 4/4
  2151 | D:3      | Noticed a bullfrog
  2157 | D:3      | Reached skill level 3 in Short Blades
  2165 | D:3      | Killed a bullfrog
  2166 | D:3      | Gained mutation: A meltable shield of frost defends you.
                  | (SH +4) [demonic ancestry]
  2166 | D:3      | Reached XP level 5. HP: 27/42 MP: 5/5
  2334 | D:3      | Noticed an angel
  2374 | D:3      | Reached skill level 4 in Short Blades
  3308 | D:5      | Entered Level 5 of the Dungeon
  3332 | D:5      | Found a transporter.
  3335 | D:5      | Noticed Jeffwins's ghost (amateur HuWn)
  3336 | D:5      | Found a transporter.
  3403 | D:5      | Noticed an ogre
  3404 | D:5      | Reached XP level 6. HP: 37/48 MP: 6/6
  4198 | D:5      | Reached skill level 5 in Dodging
  4695 | D:5      | Gained mutation: You are mostly covered in molten scales.
                  | (AC +3) [demonic ancestry]
  4695 | D:5      | Reached XP level 7. HP: 35/54 MP: 7/7
  5105 | D:5      | HP: 2/54 [acid (10)]
  5385 | D:6      | Found a basalt altar of Yredelemnul.
  5401 | D:6      | Reached skill level 5 in Short Blades
  5426 | D:6      | Found a staircase to the Ecumenical Temple.
  5491 | D:6      | Noticed Sigmund
  5495 | D:6      | Reached skill level 6 in Short Blades
  5495 | D:6      | Gained mutation: You have a tail ending in a sharp stinger.
                  | [demonic ancestry]
  5495 | D:6      | Reached XP level 8. HP: 47/60 MP: 8/8
  5523 | D:6      | Killed Sigmund
  5524 | D:6      | Reached skill level 5 in Fighting
  5601 | D:6      | Found a glowing drain.
  5613 | Sewer    | Entered a sewer
  6599 | D:6      | Gained mutation: Your body sometimes deteriorates upon
                  | taking damage. [potion of mutation]
  6599 | D:6      | Gained mutation: You expend magic power (3 MP) to
                  | strengthen your wands. [potion of mutation]
  6600 | D:6      | Lost mutation: You expend magic power (3 MP) to strengthen
                  | your wands. [potion of mutation]
  6600 | D:6      | Lost mutation: Your body sometimes deteriorates upon taking
                  | damage. [potion of mutation]
  6600 | D:6      | Gained mutation: You do not regenerate when monsters are
                  | visible. [potion of mutation]
  6600 | D:6      | Lost mutation: You do not regenerate when monsters are
                  | visible. [potion of mutation]
  6600 | D:6      | Gained mutation: Your spells are a little harder to cast,
                  | but a little more powerful. [potion of mutation]
  6600 | D:6      | Gained mutation: You are agile. (Dex +4, Str/Int -1)
                  | [potion of mutation]
  6988 | D:6      | Found a runed translucent door.
  6989 | D:6      | Noticed Crazy Yiuf
  7086 | D:6      | HP: 1/64 [yak (11)]
  7087 | D:6      | Reached skill level 7 in Short Blades
  7089 | D:6      | Slain by a yak

Illustrated notes

Levels and vault maps discovered:
D:1:      sevenhm_arrival_forest_fort_small_4, layout_loops_ring,
          hellmonk_ecumenical_altar_crossroads, minmay_close_crescents
D:2:      layout_basic, hex_tiny
D:3:      layout_rooms, zin_angel
D:4:      layout_rooms, serial_forest, infiniplex_forest_side_room,
          infiniplex_forest_straight_2, infiniplex_forest_lined_2,
          infiniplex_forest_straight_5, infiniplex_forest_clump_long,
          infiniplex_forest_end_2, infiniplex_forest_zigzag_1,
          infiniplex_forest_lined_2, infiniplex_forest_end_double,
          infiniplex_forest_clump_tiny
D:5:      layout_basic, gammafunk_ghost_mausoleum
D:6:      layout_cave_pods, mainiacjoe_overflow_cross_hatched,
          minmay_temple_entry_waves, cheibrodos_sewer_entry_drain,
          kennysheep_generic_room_10, uniq_sigmund, uniq_crazy_yiuf_cottage

Skill      XL: |  1  2  3  4  5  6  7  8 |
---------------+-------------------------+-----
Stealth        | 1 2 3 4 |  4.0
Fighting       | 3 4 6 |  6.0
Short Blades   | 3 4 6 7 |  7.4
Dodging        | 3 5 |  5.0
Throwing       | |  1.7

Action                   |  1- 3 |  4- 6 |  7- 9 || total
-------------------------+-------+-------+-------++-------
Melee: Rapier            |   116 |       |       ||   116
       Dagger            |    46 |   141 |   238 ||   425
       Tailslap          |     8 |    23 |    23 ||    54
       Punch             |     1 |     2 |     1 ||     4
Throw: Throwing net      |       |     1 |     1 ||     2
       Javelin           |       |       |     1 ||     1
Evoke: Wand              |       |     2 |     6 ||     8
  Use: Scroll            |     5 |     6 |     8 ||    19
       Potion            |       |     1 |     7 ||     8
 Stab: Sleeping          |     4 |     3 |     6 ||    13
Armor: Leather armour    |    81 |    39 |    79 ||   199
Dodge: Dodged            |   150 |    83 |   135 ||   368
Block: Other             |       |     9 |    28 ||    37

Table legend: (Time is in decaauts)
 A = Elapsed time spent in this place.
 B = Non-inter-level travel time spent in this place.
 C = Inter-level travel time spent in this place.
 D = Time resting spent in this place.
 E = Time spent auto-exploring this place.
 F = Levels seen in this place.
 G = Mean time per level.
                   A        B        C        D        E       F      G
               +--------+--------+--------+--------+--------+-----+--------+
         Total |   7168 |   7011 |    157 |   1088 |   4651 |   7 | 1024.0 |
       Dungeon |   6085 |   5928 |    157 |   1088 |   3842 |   6 | 1014.2 |
         Sewer |   1082 |   1082 |      0 |      0 |    808 |   1 | 1082.0 |
               +--------+--------+--------+--------+--------+-----+--------+

Top non-repeatable levels by time:
     D:5: 2013 daAuts
     D:1: 1352 daAuts
   Sewer: 1082 daAuts
     D:6: 774 daAuts
     D:4: 691 daAuts
     D:2: 657 daAuts
     D:3: 596 daAuts
